 Dungeon Sprint DCSS version 0.31-a0-920-g28cbb04a8c (webtiles) character file.

Game seed: 5499011283816227468

9152 sircluck the Brawler (level 11, -17/128 HPs)
             Began as a Troll Berserker on Oct 17, 2023.
             Was a High Priest of Trog.
             Demolished by a death cob (28 damage)
             ... in the Dungeon (Sprint VII: "The Pits").
             The game lasted 00:04:08 (1285 turns).

sircluck the Brawler (Troll Berserker)              Turns: 1285, Time: 00:04:09

Health: -17/128    AC: 10    Str: 34    XL:     11   Next: 19%
Magic:  10/10      EV: 13    Int:  3    God:    Trog [*****.]
Gold:   0          SH:  0    Dex:  9    Spells: 10/10 levels left

rFire   . .          .
                       - Unarmed
rCold   + . .        (no shield)
rNeg    . . .        n - +2 robe {rC+}
rPois   .            (helmet restricted)
rElec   .            m - +0 cloak
rCorr   .            (gloves unavailable)
SInv    .            (boots unavailable)
Will    .....        (no amulet)
Stlth   +            k - +3 ring of protection
HPRegen 1.21/turn    l - +3 ring of strength
MPRegen 0.12/turn

%: no teleportation
@: slowed, very slow
A: large, unfitting armour, claws 3, regeneration 1, shaggy fur 1, tough skin 1
a: Renounce Religion, Berserk, Trog's Hand, Brothers in Arms


You were in the Dungeon.
You worshipped Trog.
Trog was extremely pleased with you.
You visited 1 branch

Inventory:

Armour
 a - a +0 animal skin
 m - a +0 cloak (worn)
 n - a +2 robe of cold resistance (worn)
Jewellery
 k - a +3 ring of protection (left claw)
 l - a +3 ring of strength (right claw)
Wands
 o - a wand of iceblast (4)
 p - a wand of mindburst (8)
Scrolls
 i - 2 scrolls of vulnerability
 j - a scroll of summoning
Potions
 b - 10 potions of curing
 c - 7 potions of heal wounds
 d - 2 potions of haste
 e - 4 potions of magic
 f - 4 potions of berserk rage
 h - 2 potions of invisibility


   Skills:
 + Level 13.9 Fighting
 + Level 13.7 Dodging
 + Level 16.1 Unarmed Combat


You had 10 spell levels left.
You didn't know any spells.
Your spell library was empty.

Dungeon Overview and Level Annotations

Branches:
Dungeon (1/1)

Altars:
Ashenzari
Cheibriados
Dithmenos
Elyvilon
Fedhas
Gozag
Hepliaklqana
Kikubaaqudgha
Makhleb
Nemelex Xobeh
Okawaru
Qazlal
Ru
Sif Muna
Trog
Uskayaw
Vehumet
Wu Jian
Xom
Yredelemnul
Zin
The Shining One
Jiyva
Lugonu


Innate Abilities, Weirdness & Mutations

You are too large for most types of armour.
You have claws for hands.
Your natural rate of healing is unusually fast.
You are covered in fur. (AC +1)
You have tough skin. (AC +1)


Message History

You feel sick.
The cherub unwields a +2 scimitar of flaming.
It stops flaming.
The cherub wields a +0 sling.
The cherub shoots a sling bullet.
The sling bullet hits you!
* * * LOW HITPOINT WARNING * * *
Your Unarmed Combat skill increases to level 16!
Unknown command.
Unknown command.
You close the door, pushing everything out of the way.
Things that are here:
a +3 longbow of flaming; an elephant corpse You feel sick.
A cherub opens the door.
You close the door.
You feel sick.
You feel sick.
A death cob breaks down the door.
A vampire mosquito comes into view.
You feel sick.
A komodo dragon comes into view.
The vampire mosquito bites you.
* * * LOW HITPOINT WARNING * * *
The vampire mosquito draws strength from your injuries!
The komodo dragon hisses angrily.
You mangle the vampire mosquito!!
You destroy the vampire mosquito!
Trog accepts your kill.
The death cob hits you but does no damage.
Blink to where?
Press: ? - help, Q - select action, (/) - cycle Dir - move target
Okay, then.
Okay, then.
You feel sick. The death cob hits you!!
* * * LOW HITPOINT WARNING * * *
The death cob drains your vigour!
You feel yourself slow down.
Unknown command.
Blink to where?
Press: ? - help, Q - select action, (/) - cycle Dir - move target
As you read the scroll of blinking, it crumbles to dust.
You feel sick.
You are no longer poisoned.
You fail to use your ability.
The death cob hits you!!
You die...

#..................
#..H.).............
#..###A############ #..##.#[# #
#..#z# #H# # #..## #l# # #..#
#u# # #.z# #/# #
#.@################
#############..................
#_________.##..................
#_________.###########++#######
#_______...###########++#######
##########'##................##
#.?(.')))'.##......#..#......##
##########.##................''
#...........'............†...''


You could see a death cob and a harpy.

Vanquished Creatures
  Nessos (D)
  A dire elephant (D)
  A great orb of eyes (D)
  A rakshasa (D)
  2 alligators (D)
  A centaur warrior (D)
  A flayed ghost (D)
  A manticore (D)
  An elephant (D)
  2 rime drakes (D)
  A flying skull (D)
  A spriggan (D)
  A wyvern (D)
  A fire bat (D)
  2 vampire mosquitoes (D)
  A steam dragon (D)
  A warg (D)
  An orc warrior (D)
  A centaur (D)
  A phantom (D)
  A kobold brigand (D)
  An earth elemental (D)
  A quasit (D)
  A gnoll bouda (D)
  An iguana (D)
  5 gnolls (D)
  An adder (D)
  2 adder zombies (D)
  An orc (D)
  3 ball pythons (D)
  A bat zombie (D)
  2 giant cockroaches (D)
  2 quokkas (D)
  A ball python skeleton (D)
  A frilled lizard (D)
  A giant cockroach zombie (D)
48 creatures vanquished.

Vanquished Creatures (collateral kills)
  An orc warlord (D)
  A jumping spider (D)
  An air elemental (D)
  2 vampire mosquitoes (D)
  A warg (D)
  2 orcs (D)
8 creatures vanquished.

Grand Total: 56 creatures vanquished

Notes
Turn   | Place    | Note
-------+----------+-------------------------------------------
     0 | D        | sircluck the Troll Berserker began the quest for the Orb.
     0 | D        | Reached XP level 1. HP: 22/22 MP: 0/0
    22 | D        | Found a bloodstained altar of Trog.
    22 | D        | Found a shimmering blue altar of Sif Muna.
    22 | D        | Found a viscous altar of Jiyva.
    22 | D        | Found a hazy altar of Hepliaklqana.
    22 | D        | Found an opulent altar of Gozag.
    23 | D        | Found a glowing golden altar of the Shining One.
    23 | D        | Found a glowing silver altar of Zin.
    23 | D        | Found a basalt altar of Yredelemnul.
    23 | D        | Found a shimmering altar of Xom.
    23 | D        | Found an ornate altar of the Wu Jian Council.
    23 | D        | Found a sacrificial altar of Ru.
    23 | D        | Found a stormy altar of Qazlal.
    23 | D        | Found an iron altar of Okawaru.
    23 | D        | Found a sparkling altar of Nemelex Xobeh.
    23 | D        | Found a burning altar of Makhleb.
    23 | D        | Found a blossoming altar of Fedhas.
    23 | D        | Found a white marble altar of Elyvilon.
    23 | D        | Found a shadowy altar of Dithmenos.
    23 | D        | Found a snail-covered altar of Cheibriados.
    26 | D        | Found a corrupted altar of Lugonu.
    26 | D        | Found a radiant altar of Vehumet.
    27 | D        | Found an ancient bone altar of Kikubaaqudgha.
    27 | D        | Found a hide-covered altar of Uskayaw.
    27 | D        | Found a broken altar of Ashenzari.
    69 | D        | Reached XP level 2. HP: 16/31 MP: 1/1
    70 | D        | Reached ** piety under Trog
    94 | D        | Reached skill level 4 in Unarmed Combat
   112 | D        | Reached *** piety under Trog
   123 | D        | Reached XP level 3. HP: 39/39 MP: 2/2
   168 | D        | Noticed a fire bat
   296 | D        | Killed a fire bat
   296 | D        | Reached **** piety under Trog
   297 | D        | Reached skill level 5 in Fighting
   297 | D        | Reached skill level 5 in Dodging
   297 | D        | Reached skill level 6 in Unarmed Combat
   297 | D        | Reached XP level 4. HP: 17/52 MP: 3/3
   297 | D        | Reached XP level 5. HP: 20/59 MP: 4/4
   341 | D        | Reached skill level 7 in Unarmed Combat
   368 | D        | Reached ***** piety under Trog
   370 | D        | Noticed a rime drake
   386 | D        | Killed a rime drake
   387 | D        | Reached skill level 9 in Unarmed Combat
   387 | D        | Reached XP level 6. HP: 23/72 MP: 5/5
   387 | D        | Reached XP level 7. HP: 25/79 MP: 6/6
   436 | D        | Noticed a flying skull
   445 | D        | Killed a flying skull
   446 | D        | Reached skill level 10 in Unarmed Combat
   469 | D        | Noticed a spriggan
   469 | D        | Noticed a manticore
   479 | D        | Killed a manticore
   480 | D        | Reached skill level 11 in Unarmed Combat
   480 | D        | Reached XP level 8. HP: 43/92 MP: 7/7
   482 | D        | Reached ****** piety under Trog
   489 | D        | Received a gift from Trog
   625 | D        | Noticed a rime drake
   636 | D        | Killed a rime drake
   637 | D        | Reached skill level 10 in Fighting
   643 | D        | Noticed a centaur warrior
   653 | D        | Killed a centaur warrior
   654 | D        | Reached skill level 10 in Dodging
   654 | D        | Reached skill level 12 in Unarmed Combat
   654 | D        | Reached XP level 9. HP: 49/102 MP: 8/8
   808 | D        | Noticed a rakshasa
   821 | D        | HP: 4/102 [jumping spider (3)]
   856 | D        | Killed a rakshasa
   857 | D        | Reached skill level 13 in Unarmed Combat
   905 | D        | Noticed a dire elephant
   917 | D        | Killed a dire elephant
   918 | D        | Reached XP level 10. HP: 66/115 MP: 9/9
   974 | D        | Noticed an alligator
   981 | D        | Killed an alligator
   981 | D        | Received a gift from Trog
   982 | D        | Reached skill level 14 in Unarmed Combat
  1007 | D        | Noticed a flayed ghost
  1007 | D        | Noticed an alligator
  1016 | D        | Killed a flayed ghost
  1021 | D        | Killed an alligator
  1173 | D        | Paralysed by an air elemental for 1 turns
  1173 | D        | Received a gift from Trog
  1174 | D        | Identified the +0 plate armour of Zaluco {rPois rCorr
                  | Slay+3}
  1175 | D        | Reached skill level 15 in Unarmed Combat
  1184 | D        | Noticed an orc warlord
  1190 | D        | Killed an orc warlord
  1254 | D        | Noticed a cherub
  1254 | D        | Noticed a harpy
  1254 | D        | Noticed a purple ugly thing
  1254 | D        | Noticed an elephant
  1254 | D        | Noticed a great orb of eyes
  1257 | D        | Noticed a vampire mage
  1259 | D        | Killed an elephant
  1259 | D        | Noticed a harpy
  1261 | D        | Noticed Nessos
  1263 | D        | Noticed a death cob
  1268 | D        | Killed Nessos
  1269 | D        | Reached XP level 11. HP: 97/128 MP: 10/10
  1272 | D        | Noticed a harpy
  1277 | D        | Killed a great orb of eyes
  1278 | D        | Reached skill level 16 in Unarmed Combat
  1285 | D        | Demolished by a death cob

Illustrated notes

Levels and vault maps discovered:
D:        pitsprint [storerooms_1, entrance_room_1, metal_vault_6, armoury_3,
          mini_pit_1, grid_room_1, main_hall_1, silver_pit, the_coven_3,
          the_vestibule_1, steel_vault_5, golden_pit, hallway_of_sentries,
          crystal_vault_1, iron_vault_1, final_vault]

Skill      XL: |  1  2  3  4  5  6  7  8  9 10 11 |
---------------+----------------------------------+-----
Fighting       | 3 5 7 9 10 12 13 | 13.9
Dodging        | 3 5 7 9 10 11 13 | 13.7
Unarmed Combat | 4 6 9 11 12 13 15 16 | 16.1

Action                     |  1- 3 |  4- 6 |  7- 9 | 10-12 || total
---------------------------+-------+-------+-------+-------++-------
  Melee: Unarmed           |    34 |    30 |    63 |    44 ||   171
         Punch             |       |     1 |     4 |     5 ||    10
 Invoke: Brothers in Arms  |       |       |     3 |     4 ||     7
    Use: Potion            |       |       |     3 |       ||     3
         Scroll            |       |       |       |     1 ||     1
 Armour: Animal skin       |    31 |    15 |    65 |       ||   111
         Robe              |       |       |     7 |    52 ||    59
  Dodge: Dodged            |    30 |     9 |    36 |    21 ||    96

Table legend: (Time is in decaauts)
 A = Elapsed time spent in this place.
 B = Non-inter-level travel time spent in this place.
 C = Inter-level travel time spent in this place.
 D = Time resting spent in this place.
 E = Time spent auto-exploring this place.
 F = Levels seen in this place.
 G = Mean time per level.
                   A        B        C        D        E       F      G
               +--------+--------+--------+--------+--------+-----+--------+
         Total |   1253 |   1177 |     76 |    470 |    112 |   1 | 1253.0 |
       Dungeon |   1253 |   1177 |     76 |    470 |    112 |   1 | 1253.0 |
               +--------+--------+--------+--------+--------+-----+--------+

Top non-repeatable levels by time:
       D: 1253 daAuts
